 Dungeon Crawl Stone Soup version 0.31-a0-640-g39d97e502b (webtiles) character file.

Game seed: 13125639392845314298

56 qw the Shooter (level 3, -2/21 HPs)
             Began as a Gargoyle Hunter on Aug 27, 2023.
             Killed from afar by Natasha (9 damage)
             ... with a puff of flame
             ... on level 2 of the Dungeon.
             The game lasted 00:00:28 (1562 turns).

qw the Shooter (Gargoyle Hunter)                    Turns: 1562, Time: 00:00:29

Health: -2/21      AC:  8    Str: 14    XL:     3   Next: 97%
Magic:  3/3        EV: 10    Int:  9    God:
Gold:   133        SH:  0    Dex: 15    Spells: 2/2 levels left

rFire   . . .        Y - +0 shortbow
rCold   . . .        (shield currently unavailable)
rNeg    + . .        i - +0 ring mail
rPois   inf          (no helmet)
rElec   +            (no cloak)
rCorr   .            (no gloves)
SInv    .            (no boots)
Will    .....        (no amulet)
Stlth   +            (no ring)
HPRegen 0.23/turn    (no ring)
MPRegen 0.08/turn

%: no passive effects
@: no status effects
A: sickness immunity, AC +3, negative energy resistance 1, electricity
resistance, torment resistance 1, petrification resistance
a: no special abilities


You were on level 2 of the Dungeon.
You visited 1 branch of the dungeon, and saw 2 of its levels.

You collected 133 gold pieces.


Innate Abilities, Weirdness & Mutations

You are immune to sickness and miasma.
Your stone body is resilient. (AC +3)
You are immune to poison.
You resist negative energy. (rN+)
You are resistant to electric shocks. (rElec)
You are resistant to unholy torment.
You are immune to petrification.


   Skills:
 + Level 2.2 Fighting
 - Level 5.2 Ranged Weapons
 - Level 1.0 Armour
 - Level 1.5 Dodging
 - Level 1.1 Stealth


You had 2 spell levels left.
You didn't know any spells.
Your spell library was empty.

Inventory:

Hand Weapons
 Y - a +0 shortbow (weapon)
Armour
 i - a +0 ring mail (worn)
Scrolls
 a - a scroll of enchant weapon {unknown}
 b - a scroll of poison {unknown}
 h - a scroll of identify
Potions
 d - a potion of might {unknown}
 f - a potion of haste {unknown}
 j - a potion of heal wounds {unknown}
 k - a potion of cancellation {unknown}
 l - a potion of enlightenment {unknown}

Dungeon Overview and Level Annotations

Branches:
Dungeon (2/15)

Altars:

Annotations:
D:2 Natasha


Message History

You shoot an arrow.
The arrow barely misses the cerulean imp.
The cerulean imp hits you but does no damage.
Natasha mumbles some strange words.
Natasha glows brightly for a moment.
The cerulean imp closely misses you.
Enter note:
Enter note:
Enter note:
Enter note:
1554 ||| Stepping ~*~*~tactically~*~*~ (retreating).
The cerulean imp hits you but does no damage.
You shoot an arrow.
The arrow closely misses the cerulean imp.
The cerulean imp closely misses you.
You shoot an arrow.
The arrow closely misses the cerulean imp.
The cerulean imp hits you from afar with a +0 spear.
You shoot an arrow.
The arrow barely misses the cerulean imp.
The cerulean imp hits you but does no damage.
The cerulean imp closely misses you.
You shoot an arrow.
The arrow hits the cerulean imp but does no damage.
The cerulean imp is almost dead.
The cerulean imp hits you but does no damage.
You shoot an arrow. The arrow hits the cerulean imp.
You kill the cerulean imp!
The cerulean imp disappears in a puff of smoke!
You shoot an arrow. The arrow closely misses Natasha.
Natasha claws you.
You shoot an arrow. The arrow barely misses Natasha.
The cerulean imp closely misses you.
Natasha casts a spell.
The cerulean imp completely misses you.
You shoot an arrow. The arrow hits Natasha!
Natasha is severely wounded.
Natasha zaps a wand.
The puff of flame hits you!
You die...
Natasha curls up and begins to purr.

#.......#### #.#.##...##
..###..h.# #...##....## #.##.#
#.####.##..? #.##.# #.#
#..##### #.##.# ##.###.##
..##5#######..#...#
..###..5.##......###
#h#######h....#.###
.........@....#.##########
...######.............%.... ..#
#..#..#.#.#########. .#
####....##.#.# #####.
##.#####..........#.# #.....
##...........#######.#####.....
... ###.....# #.##.....?.. #.#
##.....########.##.##.....
#.###...#### #......<..##.....


You could see Natasha and a cerulean imp (summoned).

Vanquished Creatures
  Natasha (D:2)
  A worm (D:2)
  4 bats
  3 endoplasms
  2 giant cockroaches
  A goblin (D:1)
  A hobgoblin (D:1)
  5 kobolds
  2 quokkas
  3 ball pythons
  A frilled lizard (D:2)
  4 rats
28 creatures vanquished.

Notes
Turn   | Place    | Note
-------+----------+-------------------------------------------
     0 | D:1      | qw the Gargoyle Hunter began the quest for the Orb.
     0 | D:1      | Reached XP level 1. HP: 12/12 MP: 1/1
     0 | D:1      | 0 ||| qw: Version: 0.3-a-74-g0d5e918
     0 | D:1      | 0 ||| qw: Game counter: 93
     0 | D:1      | 0 ||| qw: Melee chars always use a shield: true
     0 | D:1      | 0 ||| qw: God list: Okawaru
     0 | D:1      | 0 ||| qw: Allow faded altars: false
     0 | D:1      | 0 ||| qw: Do Orc after clearing Dungeon:15 true
     0 | D:1      | 0 ||| qw: Do second Lair branch before Depths: true
     0 | D:1      | 0 ||| qw: Lair rune preference: random
     0 | D:1      | 0 ||| qw: Goals: Normal
     0 | D:1      | 0 ||| PLANNING D:1-11
   179 | D:1      | Reached XP level 2. HP: 17/17 MP: 2/2
  1048 | D:1      | 1048 ||| UPGRADING to +0 ring mail.
  1058 | D:1      | 1058 ||| DROPPING +0 leather armour.
  1059 | D:1      | 1059 ||| READING 2 scrolls labelled LOD ERINAQO.
  1060 | D:1      | 1060 ||| READING 2 scrolls labelled KAXELELITO.
  1061 | D:1      | 1061 ||| READING 2 scrolls labelled ASYBBO AXKEP.
  1062 | D:1      | 1062 ||| DROPPING scroll of immolation.
  1063 | D:1      | 1063 ||| DROPPING scroll of butterflies.
  1064 | D:1      | 1064 ||| DROPPING scroll of fear.
  1099 | D:2      | Found a faded altar of an unknown god.
  1203 | D:2      | Reached skill level 1 in Armour
  1210 | D:2      | Reached XP level 3. HP: 21/21 MP: 3/3
  1392 | D:2      | Noticed Natasha
  1394 | D:2      | 1394 ||| FLEEEEING.
  1396 | D:2      | 1396 ||| FLEEEEING.
  1403 | D:2      | Killed Natasha
  1404 | D:2      | Reached skill level 5 in Ranged Weapons
  1535 | D:2      | Noticed Natasha
  1537 | D:2      | 1537 ||| FLEEEEING.
  1539 | D:2      | 1539 ||| FLEEEEING.
  1545 | D:2      | 1545 ||| FLEEEEING.
  1554 | D:2      | 1554 ||| Stepping ~*~*~tactically~*~*~ (retreating).
  1562 | D:2      | Killed from afar by Natasha

Levels and vault maps discovered:
D:1:      enne_arrival_octagon_isle, layout_basic
D:2:      layout_rooms, serial_shops, shop, shapermc_ecumenical_altar_ellora,
          uniq_natasha

Skill      XL: |  1  2  3 |
---------------+----------+-----
Armour         | 1 |  1.0
Ranged Weapons | 5 |  5.2
Fighting       | |  2.2
Dodging        | |  1.5
Stealth        | |  1.1

Action                     || total
---------------------------++-------
   Fire: Shortbow          ||   103
    Use: Scroll            ||     3
 Armour: Leather armour    ||    14
         Ring mail         ||    20
  Dodge: Dodged            ||    35

Table legend:
 A = Non-vault XP
 B = Vault XP
 C = Vault XP percentage of total XP
 D = Non-vault monster count
 E = Vault monster count
 F = Vault count percentage of total count
                 A         B        C        D         E       F
            +---------+---------+-------+---------+---------+-------
      Total |      46 |      35 |  43.2 |      27 |       1 |   3.6
            +---------+---------+-------+---------+---------+-------
        D:1 |      22 |       0 |   0.0 |      13 |       0 |   0.0
        D:2 |      24 |      35 |  59.3 |      14 |       1 |   6.7
            +---------+---------+-------+---------+---------+-------
